 Dungeon Crawl Stone Soup version 0.29.1-2-gbd0b4ee654 (webtiles) character file.

Game seed: 12237478291090535593

251 whiskeysaurus the Ruffian (level 5, -11/44 HPs)
             Began as a Draconian Transmuter on Nov 21, 2022.
             Killed by an exploding adder (23 damage)
             ... ignited by their inner flame
             ... in a sewer.
             The game lasted 00:06:47 (3935 turns).

whiskeysaurus the Ruffian (Draconian Transmuter)    Turns: 3935, Time: 00:06:47

Health: -11/44     AC:  5    Str: 12    XL:     5   Next: 88%
Magic:  9/9        EV: 12    Int: 16    God:
Gold:   213        SH:  0    Dex: 11    Spells: 9/10 levels left

rFire   . . .      SeeInvis .     - Unarmed
rCold   . . .      Faith    .   (no shield)
rNeg    . . .      Spirit   .   (body armour unavailable)
rPois   .          Reflect  .   (helmet currently unavailable)
rElec   .          Harm     .   (no cloak)
rCorr   .          Rampage  .   (no gloves)
Will    .....                   (boots currently unavailable)
Stlth   +.........              (no amulet)
HPRegen 0.14/turn               (no ring)
MPRegen 0.11/turn               (no ring)

@: lethally poisoned (-11 -> -17), appendages (expiring), very slow
A: horns 2, talons 2, AC +5, unfitting armour, cold-blooded
a: End Transformation


You were in a sewer.
You had temporarily grown beastly horns and talons.
You visited 1 branch of the dungeon, and saw 3 of its levels.
You also visited: Sewer.

You collected 213 gold pieces.

Inventory:

Magical Staves
 a - a staff of death
 o - a staff of cold
Jewellery
 n - a ring of magical power
 q - a ring of resist corrosion
Scrolls
 g - 8 scrolls of identify {unknown}
 h - 3 scrolls of immolation
 i - 2 scrolls of butterflies {unknown}
 k - a scroll of silence {unknown}
 l - 3 scrolls of teleportation {unknown}
 m - 2 scrolls of enchant weapon {unknown}
 r - a scroll of fear {unknown}
Potions
 b - a potion of might {unknown}
 c - 2 potions of brilliance {unknown}
 d - a potion of curing {unknown}
 e - a potion of heal wounds
 f - a potion of attraction {unknown}
 j - 2 potions of degeneration {unknown}
 p - a potion of haste {unknown}
 s - 5 potions of flight


   Skills:
 + Level 2.9 Fighting
 + Level 2.9 Dodging
 + Level 3.9 Unarmed Combat
 + Level 3.1 Spellcasting
 + Level 3.2 Transmutations


You had 9 spell levels left.
You knew the following spells:

 Your Spells              Type           Power      Damage    Failure   Level
a - Beastly Appendage     Tmut           24%        N/A       4%          1

Your spell library contained the following spells:

 Spells                   Type           Power      Damage    Failure   Level
 Wereblood                Tmut           12%        N/A       8%          2
 Ensorcelled Hibernation  Hex/Ice        4%         N/A       28%         2
 Spider Form              Tmut/Pois      7%         N/A       28%         3
 Ice Form                 Ice/Tmut       7%         N/A       67%         4
 Anguish                  Hex/Necr       1%         N/A       88%         4


Dungeon Overview and Level Annotations

Branches:
Dungeon (3/15)              Sewer (1/1)

Altars:


Innate Abilities, Weirdness & Mutations

You have temporarily grown beastly horns and talons.
Your plain brown scales are hard. (AC +5)
You cannot fit into any form of body armour.
You are cold-blooded and may be slowed by cold attacks.


Message History

Casting: Beastly Appendage (safe; 4% risk of failure)
Press: ? - help, Q - select action Dir - look around, f - activate
Okay, then.
As you read the scroll labelled VAUKHL FAOGO, it crumbles to dust.
The creatures around you are filled with an inner flame!
It was a scroll of immolation.
* * * LOW HITPOINT WARNING * * *
You feel very sick. The adder misses you. The adder closely misses you.
Press: ? - help, v - describe, . - travel Some shallow water.
It was a potion of heal wounds.
You feel much better.
You feel sick. The adder bites you but does no damage.
The adder closely misses you.
You barely miss the adder. Your kick misses the adder.
Your tail-slap misses the adder.
The adder is almost dead.
You feel sick. The adder bites you. The adder closely misses you.
The adder barely misses you.
Your unstable footing causes you to fumble your attack.
You feel sick. The adder misses you. The adder barely misses you. x2
Your unstable footing causes you to fumble your attack.
You feel sick. The adder bites you.
You are more poisoned.
The adder poisons you! The adder bites you.
You miss the adder.
Your tail-slap misses the adder.
Your punch misses the adder.
The adder is almost dead.
You feel sick. The adder bites you but does no damage.
The adder closely misses you.
Your unstable footing causes you to fumble your attack.
Your transformation is almost over.
You feel sick. The adder bites you.
* * * LOW HITPOINT WARNING * * *
The adder bites you but does no damage. The adder closely misses you.
You punch the adder!
The adder explodes!
The fiery explosion engulfs the jackal!!
The fiery explosion engulfs you!!
Ouch! That really hurt!
You die...

#≈≈~# #~≈~##.'..'÷##~≈~#
#≈≈~# #~≈~##?#..#.##.≈~#
#≈≈.# #.≈~####..####~≈.#
#≈≈~# #~≈~# #~~# #.≈~#
#≈≈~# #.≈~# #~.# #.≈~#
#≈≈~###~≈~####~~####~≈~#
#≈≈~~~~~~~~~~~~~~~~~~≈~#
#≈≈≈≈≈≈§S§≈≈≈≈~~≈≈≈≈≈≈~#
#≈≈≈hhh§§@~..~.~~.~~~.~#
#≈≈≈h###############≈≈≈#
#≈≈h.# #≈≈≈# #≈≈~.h#
#≈≈≈# #≈≈.h.# #≈≈≈#
#≈≈.~.. #≈≈≈# #≈≈≈~..#
#≈≈≈# #≈≈≈#..S #≈≈≈#
#≈≈≈ ~...


You could see an adder (inner flame) and 4 jackals.

Vanquished Creatures
  3 gnolls (D:2)
  11 adders
  4 river rats (Sewer)
  3 worms
  A dart slug (D:1)
  7 ball pythons
  9 bats
  2 endoplasms
  7 giant cockroaches
  9 goblins
  4 hobgoblins
  11 jackals
  6 quokkas
  4 frilled lizards
  5 kobolds
  3 rats (D:1)
89 creatures vanquished.

Notes
Turn   | Place    | Note
-------+----------+-------------------------------------------
     0 | D:1      | whiskeysaurus the Draconian Transmuter began the quest for
                  | the Orb.
     0 | D:1      | Reached XP level 1. HP: 16/16 MP: 3/3
   411 | D:1      | Reached XP level 2. HP: 23/23 MP: 5/5
   957 | D:2      | Reached XP level 3. HP: 14/29 MP: 6/6
  1872 | D:2      | Reached XP level 4. HP: 27/36 MP: 5/7
  2086 | D:3      | Found a faded altar of an unknown god.
  2549 | D:3      | Found a glowing drain.
  2744 | Sewer    | Entered a sewer
  2777 | Sewer    | Reached XP level 5. HP: 14/42 MP: 9/9
  3935 | Sewer    | Killed by an exploding adder... ignited by their inner
                  | flame

Illustrated notes

Levels and vault maps discovered:
D:1:      lemuel_arrival_lava_pool, layout_rooms, amcnicky_mini_pool_small
D:2:      kennysheep_the_goblin_king, layout_basic
D:3:      layout_basic, serial_shops, nicolae_shop_behind_doors,
          cheibrodos_sewer_entry_sluice, dreamdust_ecumenical_altar_statues
Sewer:    sewer_fruit_machine

Skill      XL: |  1  2  3  4  5 |
---------------+----------------+-----
Dodging        | 2 |  2.9
Fighting       | 2 |  2.9
Transmutations | 3 |  3.2
Spellcasting   | 3 |  3.1
Unarmed Combat | |  3.9

Action                   |  1- 3 |  4- 6 || total
-------------------------+-------+-------++-------
Melee: Unarmed           |   138 |   189 ||   327
       Kick              |    23 |    24 ||    47
       Headbutt          |    12 |    17 ||    29
       Tailslap          |    15 |    23 ||    38
       Punch             |     1 |     1 ||     2
 Cast: Beastly Appendage |    28 |    22 ||    50
  Use: Potion            |       |     3 ||     3
       Scroll            |       |     1 ||     1
 Stab: Sleeping          |     1 |       ||     1
Armor: Skin              |    39 |    98 ||   137
Dodge: Dodged            |    75 |   197 ||   272
